 Dungeon Crawl Stone Soup version 0.22-a0-305-gd21a89c (webtiles) character file.

1926 grindst0ne the Shield-Bearer (level 8, -2/58 HPs)
             Began as a Mummy Fighter on Mar 28, 2018.
             Was an Initiate of Gozag.
             Slain by a vampire mosquito (9 damage)
             ... on level 7 of the Dungeon.
             The game lasted 00:17:52 (7782 turns).

grindst0ne the Shield-Bearer (Mummy Fighter)        Turns: 7782, Time: 00:17:53

Health: -2/58      AC: 12    Str: 22    XL:     8   Next: 96%
Magic:  8/8        EV:  6    Int:  7    God:    Gozag
Gold:   1202       SH: 10    Dex: 11    Spells: 7/7 levels left

rFire    x . .     SeeInvis .   a - +0 flail
rCold    + . .     Gourm    .   c - +0 shield
rNeg     + + +     Faith    .   m - +0 chain mail (curse)
rPois    ∞         Spirit   .   o - +0 helmet
rElec    .         Reflect  .   (no cloak)
rCorr    .         Harm     .   p - +0 pair of gloves
MR       +....                  (no boots)
Stlth    ..........             (no amulet)
HPRegen  0.19/turn              q - ring of stealth
MPRegen  0.11/turn              (no ring)

@: no status effects
A: no food or potions, fire vulnerability, cold resistance 1, negative energy
resistance 3, torment resistance, unbreathing
a: Potion Petition, Call Merchant, Bribe Branch, Renounce Religion


You were on level 7 of the Dungeon.
You worshipped Gozag.
Gozag was most pleased with you.
You were not hungry.

You visited 1 branch of the dungeon, and saw 7 of its levels.
You also visited: Ossuary.

You collected 1238 gold pieces.
You paid 36 gold pieces to Gozag.

Inventory:

Hand Weapons
 a - a +0 flail (weapon)
 k - a +1 short sword of venom
Armour
 b - a +0 scale mail
 c - a +0 shield (worn)
 m - a cursed +0 chain mail (worn)
 o - a +0 helmet (worn)
 p - a +0 pair of gloves (worn)
Jewellery
 q - a ring of stealth (left hand)
Wands
 n - a wand of polymorph (15)
Scrolls
 d - a scroll of fear
 e - a scroll of blinking {unknown}
 f - 3 scrolls of teleportation
 g - 4 scrolls of remove curse
 h - 2 scrolls of immolation {unknown}
 i - 2 scrolls of magic mapping {unknown}
 j - a scroll of enchant weapon
 l - 2 scrolls of fog
 r - a scroll of enchant armour {unknown}
 s - a scroll of identify


   Skills:
 - Level 3.0 Fighting
 + Level 6.4 Maces & Flails
 + Level 4.6 Armour
 + Level 6.7 Shields


You had 7 spell levels left.
You didn't know any spells.

Dungeon Overview and Level Annotations

Branches:
Dungeon (7/15)             Temple (0/1) D:5

Altars:
Ashenzari
Cheibriados
Gozag
Trog
Uskayaw
Vehumet
The Shining One

Shops:
D:4 [

Annotations:
D:2 exclusion: 2 downstairs
D:3 exclusion: downstairs


Innate Abilities, Weirdness & Mutations

You do not eat or drink.
Your flesh is vulnerable to fire.
You are immune to poison.
Your flesh is cold resistant. (rC+)
You are immune to negative energy. (rN+++)
You are immune to unholy pain and torment.
You can survive without breathing.


Message History

The vampire mosquito bites you but does no damage.
The vampire mosquito bites you.
Your chain mail prevents you from hitting the vampire mosquito.
The vampire mosquito is moderately damaged.
The vampire mosquito barely misses you.
You block the vampire mosquito's attack.
The vampire mosquito bites you!
You block the vampire mosquito's attack.
You block the vampire mosquito's attack.
You block the vampire mosquito's attack.
The vampire mosquito bites you!
* * * LOW HITPOINT WARNING * * *
The vampire mosquito bites you!
* * * LOW HITPOINT WARNING * * *
The vampire mosquito bites you.
* * * LOW HITPOINT WARNING * * *
There is a stone staircase leading up here.
The vampire mosquito bites you!
You die...
Your body crumbles into a pile of gold.

....####.## #.# # ##.###.#
(. ##.#.# #.# ##..# #.# #.
###..###########.# #.
#(..y....... ....# # ##.#
#.#y#####.## #..#
..#.).####.#y#
##.#####..### .........)y@#
#............
#....#..#..####..#####.....
#.#...###..............###
#.#..##.##..##.!####..## #
#...##.%.##..#..# #.## #
##..##..^^^##....# #.# #
#..#####'#####...# #.# #
#................# #.# #
#..#.###....!....####.#####


You could see 4 vampire mosquitoes.

Vanquished Creatures
  The ghost of Nib the Chopper, an amateur DsGl (D:4)
  An ice beast (D:6)
  7 ogres
  2 centaurs (D:5)
  A bullfrog (D:6)
  2 scorpions
  The ghost of Nib the Ducker, a weakling DsGl (D:3)
  2 howler monkeys
  3 crimson imps
  An orc priest (D:3)
  A hound (D:7)
  A centaur skeleton (D:7)
  3 worker ants
  A big kobold zombie (Ossuary)
  2 hound zombies (D:5)
  3 hound skeletons
  9 mummies
  Robin (D:4)
  4 adders
  A shadow imp (D:5)
  5 worms
  4 dart slugs
  4 leopard geckos
  11 orcs
  4 giant cockroaches
  17 goblins
  14 hobgoblins
  12 jackals
  3 quokkas
  7 bats
  7 frilled lizards
  3 gnoll zombies (Ossuary)
  A jackal skeleton (D:5)
  15 kobolds
  3 kobold zombies (Ossuary)
  2 leopard gecko zombies (D:6)
  An orc zombie (Ossuary)
  12 rats
172 creatures vanquished.

Notes
Turn   | Place    | Note
-------+----------+-------------------------------------------
     0 | D:1      | grindst0ne the Mummy Fighter began the quest for the Orb.
     0 | D:1      | Reached XP level 1. HP: 18/18 MP: 1/1
   144 | D:1      | Reached XP level 2. HP: 20/24 MP: 2/2
   596 | D:1      | Reached XP level 3. HP: 22/29 MP: 3/3
   854 | D:2      | Found a shattered altar of Ashenzari.
  1043 | D:2      | Found a snail-covered altar of Cheibriados.
  1365 | D:2      | Reached XP level 4. HP: 29/35 MP: 4/4
  1545 | D:2      | Found a hide-covered altar of Uskayaw.
  1859 | D:3      | Noticed Nib's ghost (weakling DsGl)
  2198 | D:3      | Reached XP level 5. HP: 40/41 MP: 5/5
  2286 | D:3      | Found an opulent altar of Gozag.
  2297 | D:3      | Became a worshipper of Gozag Ym Sagoz the Greedy
  2329 | D:3      | Found a radiant altar of Vehumet.
  3103 | D:4      | Noticed Robin
  3173 | D:4      | Killed Robin
  3397 | D:4      | Noticed Grinder
  3403 | D:4      | Paralysed by Grinder for 2 turns
  3408 | D:4      | Paralysed by Grinder for 2 turns
  3419 | D:4      | Paralysed by Grinder for 2 turns
  3506 | D:4      | Noticed Grinder
  3506 | D:4      | Grinder changed into Grinder the crimson imp
  3519 | D:4      | Killed Grinder the crimson imp
  3576 | D:4      | Reached XP level 6. HP: 39/47 MP: 6/6
  3603 | D:4      | Found Nuehuulit's Armour Shoppe.
  3643 | D:4      | Noticed Nib's ghost (amateur DsGl)
  4599 | D:5      | Entered Level 5 of the Dungeon
  4606 | D:5      | Reached skill level 5 in Shields
  4606 | D:5      | Reached XP level 7. HP: 29/52 MP: 7/7
  4941 | D:5      | Reached skill level 5 in Maces & Flails
  5207 | D:5      | Found a staircase to the Ecumenical Temple.
  5251 | D:5      | Reached XP level 8. HP: 42/58 MP: 8/8
  5280 | D:5      | Found a glowing golden altar of the Shining One.
  6171 | D:3      | Killed Nib's ghost
  6189 | D:4      | Killed Nib's ghost
  7095 | D:7      | Noticed a moth of wrath
  7098 | D:7      | Found a bloodstained altar of Trog.
  7269 | D:7      | Found a sand-covered staircase.
  7350 | Ossuary  | Entered an ossuary
  7782 | D:7      | Slain by a vampire mosquito

Vault maps used:
D:1:      lemuel_arrival_room
D:2:      lemuel_doored_altar, ashenzari_conservatory_becter,
          lemuel_coloured_pillars_altar, kennysheep_potato
D:3:      fiery_altar_vehumet, grunt_gozag_breadcrumbs
D:4:      first_ration, serial_shops, shop_fountains, st_stairs_5, uniq_robin,
          uniq_grinder
D:5:      kennysheep_mini_moat, minmay_temple_entry_mist
D:7:      lemuel_slime, grunt_temple_overflow_champion_of_chaos, tgw_trog,
          gup_ossuary_entry_pyramid, grunt_ogre_cave
Ossuary:  ossuary_tomb_3

Skill      XL: |  1  2  3  4  5  6  7  8 |
---------------+-------------------------+-----
Maces & Flails | 2 3 4 5 6 |  6.4
Shields        | 3 4 5 6 |  6.7
Armour         | 3 4 |  4.6
Fighting       | |  3.0

Action                   |  1- 3 |  4- 6 |  7- 9 || total
-------------------------+-------+-------+-------++-------
Melee: Flail             |   190 |     2 |   131 ||   323
       Short sword       |       |   191 |   340 ||   531
Invok: Potion Petition   |       |       |     1 ||     1
Evoke: Wand              |       |     2 |       ||     2
  Use: Scroll            |       |     1 |     5 ||     6
Armor: Scale mail        |    91 |    31 |       ||   122
       Chain mail        |       |    70 |   218 ||   288
Dodge: Dodged            |    61 |    45 |    80 ||   186
Block: Shield            |   111 |   104 |   224 ||   439

Table legend:
 A = Spawn XP
 B = Non-spawn XP
 C = Spawn XP percentage of total XP
 D = Spawn monster count
 E = Non-spawn monster count
 F = Spawn count percentage of total count
 G = Total turns spent on level
                    A         B        C        D         E        F      G
               +---------+---------+-------+---------+---------+-------+---------
         Total |       0 |    2752 |   0.0 |       0 |     172 |   0.0 |  7782
               +---------+---------+-------+---------+---------+-------+---------
           D:1 |       0 |      47 |   0.0 |       0 |      27 |   0.0 |   852
           D:2 |       0 |      77 |   0.0 |       0 |      34 |   0.0 |  1902
           D:3 |       0 |     162 |   0.0 |       0 |      27 |   0.0 |   817
           D:4 |       0 |     794 |   0.0 |       0 |      21 |   0.0 |  1521
           D:5 |       0 |     795 |   0.0 |       0 |      24 |   0.0 |  1231
           D:6 |       0 |     475 |   0.0 |       0 |      14 |   0.0 |   678
           D:7 |       0 |     223 |   0.0 |       0 |       9 |   0.0 |   407
       Ossuary |       0 |     179 |   0.0 |       0 |      16 |   0.0 |   374
               +---------+---------+-------+---------+---------+-------+---------
